 Dungeon Crawl Stone Soup version 0.29-a0-504-gec6baf379c (webtiles) character file.

Game seed: 3644750294882467065

2964 Colgate the Fighter (level 10, -3/61 HPs)
             Began as a Kobold Brigand on May 28, 2022.
             Was a Plaything of Xom.
             Slain by Erica
             ... wielding a +0 scimitar of flaming
              (4 damage)
             ... on level 7 of the Dungeon.
             The game lasted 00:21:39 (9177 turns).

Colgate the Fighter (Kobold Brigand)                Turns: 9177, Time: 00:21:40

Health: -3/61      AC:  8    Str:  6      XL:     10   Next: 8%
Magic:  10/10      EV: 19    Int: 14 (15) God:    Xom [..*...]
Gold:   357        SH:  5    Dex: 23      Spells: 9/9 levels left

rFire   . . .      SeeInvis +   a - +2 dagger (distort)
rCold   + . .      Faith    .   t - +0 buckler
rNeg    . . .      Spirit   .   b - +0 robe
rPois   .          Reflect  .   M - +0 helmet
rElec   .          Harm     .   c - +0 cloak
rCorr   .          Rampage  .   R - +2 pair of gloves
Will    .....                   r - +0 pair of boots
Stlth   +++++.....              K - amulet of the acrobat
HPRegen 0.20/turn               w - +6 ring of dexterity
MPRegen 0.12/turn               y - ring of see invisible

@: no status effects
A: small, no large weapons, nightstalker 3, clumsy 1, cold resistance 1,
deterioration 1, frail 1, weak 1
a: Renounce Religion


You were on level 7 of the Dungeon.
You worshipped Xom.
You were a toy of Xom.
You visited 2 branches of the dungeon, and saw 9 of its levels.

You collected 357 gold pieces.

Inventory:

Hand Weapons
 a - a +2 dagger of distortion (weapon)
Missiles
 d - 20 poisoned darts (quivered)
 e - 4 curare-tipped darts
 L - a silver boomerang
 P - 11 boomerangs
Armour
 b - a +0 robe (worn)
 c - a +0 cloak (worn)
 r - a +0 pair of boots (worn)
 t - a +0 buckler (worn)
 M - a +0 helmet (worn)
 R - a +2 pair of gloves (worn)
Magical Staves
 F - a staff of fire
 O - a staff of poison
Jewellery
 i - a ring of fire
 w - a +6 ring of dexterity (left hand)
 x - a ring of resist corrosion
 y - a ring of see invisible (right hand)
 K - an amulet of the acrobat (around neck)
Wands
 S - a wand of digging (1) {@v3}
 X - a wand of iceblast (9) {@v2}
Scrolls
 g - 4 scrolls of teleportation {unknown}
 j - a scroll of fear {unknown}
 k - 2 scrolls of amnesia {unknown}
 n - 3 scrolls of immolation {unknown}
 s - a scroll of noise {unknown}
 u - 3 scrolls of summoning {unknown}
 v - a scroll of torment {unknown}
 z - a scroll of blinking {unknown}
 C - 6 scrolls of identify {unknown}
 E - 3 scrolls of vulnerability {unknown}
 J - 2 scrolls of silence {unknown}
 Q - 2 scrolls of enchant armour {unknown}
 W - a scroll of poison {unknown}
 Y - a scroll of magic mapping {unknown}
 Z - a scroll of enchant weapon {unknown}
Potions
 f - 4 potions of lignification {unknown}
 h - 2 potions of degeneration {unknown}
 m - 6 potions of attraction {unknown}
 o - 4 potions of brilliance {unknown}
 p - 3 potions of ambrosia {unknown}
 q - 5 potions of heal wounds {unknown}
 A - 2 potions of curing {unknown}
 B - 3 potions of haste {unknown}
 D - 2 potions of cancellation {unknown}
 G - 2 potions of might {unknown}
 H - 2 potions of flight {unknown}
 I - 2 potions of berserk rage {unknown}
 N - 2 potions of mutation {unknown}
 T - a potion of magic {unknown}


   Skills:
 - Level 10.5 Fighting
 - Level 6.1 Short Blades
 - Level 2.1 Throwing
 - Level 7.0 Dodging
 - Level 7.3 Stealth
 + Level 5.6 Evocations


You had 9 spell levels left.
You didn't know any spells.
Your spell library contained the following spells:

 Spells                   Type           Power      Damage    Failure   Level
 Beastly Appendage        Tmut           0%         N/A       41%         1
 Wereblood                Tmut           0%         N/A       56%         2
 Spider Form              Tmut/Pois      0%         N/A       80%         3
 Anguish                  Hex/Necr       0%         N/A       99%         4
 Conjure Ball Lightning   Conj/Air       0%         3x3d6     100%        6
 Enfeeble                 Hex            0%         N/A       100%        7
 Maxwell's Capacitive Co  Air            0%         ∞         100%        8


Dungeon Overview and Level Annotations

Branches:
Dungeon (8/15)             Temple (1/1) D:6
   Lair: D:8-11

Altars:
Ashenzari
Cheibriados
Dithmenos
Elyvilon
Fedhas
Gozag
Hepliaklqana
Kikubaaqudgha
Nemelex Xobeh
Okawaru
Qazlal
Ru
Sif Muna
Trog
Uskayaw
Vehumet
Wu Jian
Xom
Yredelemnul
Zin
The Shining One
Beogh

Shops:
D:3 (

Annotations:
D:7 Erica


Innate Abilities, Weirdness & Mutations

You are small and have problems with some larger weapons.
You are completely attuned to the shadows.
You are clumsy. (Dex -2)
Your flesh is cold resistant. (rC+)
Your body sometimes deteriorates upon taking damage.
You are frail. (-10% HP)
You are weak. (Str -2)


Message History

You are confused.
You miss Erica. The yak misses you. Erica gestures at you while chanting.
The bolt of poison misses you.
You bump into the rock wall.
The yak closely misses you.
Erica hits you with a +0 scimitar of flaming!
Your body deteriorates!
You feel dopey. Erica burns you.
* * * LOW HITPOINT WARNING * * *
You hit Erica.
Space warps around Erica.
You completely miss Erica. The yak completely misses you.
Erica hits you with a +0 scimitar of flaming!
* * * LOW HITPOINT WARNING * * *
Erica burns you.
* * * LOW HITPOINT WARNING * * *
You bump into the rock wall. "See what I see, my child!"
You detect nothing.
The yak closely misses you. Erica casts a spell at you.
The lance of force hits you!
You die... "Leave my toy alone!"
Xom revives you!
You are knocked back by the lance of force.
You slam into the rock wall!
* * * LOW HITPOINT WARNING * * *
Erica gestures at you while chanting. You resist with significant effort.
Erica attacks as you move away!
Erica hits you with a +0 scimitar of flaming.
* * * LOW HITPOINT WARNING * * *
Erica burns you.
* * * LOW HITPOINT WARNING * * *
You hit Erica but do no damage.
You feel less confused. The yak gores you.
* * * LOW HITPOINT WARNING * * *
Erica hits you with a +0 scimitar of flaming.
You die...
Xom thinks this is hilarious!

..+.........# #......#.
..#.........# #......#.
..#.........# #......+.
..#.........#############......#.
..#............................#.
..#......................#######.
..#......................#.....#.
..##########...@.........#....##+
####.......#[..Y@........#....##.
...#.......#..>..........#....#..
...+.......####+##.......#....##.
...##'#######....+.......#....##.
............#....#.......+.....#.
............#....#.......#.....#.
............#....#.......#....###
............#'####.......#....##.
.........................#....##.


You could see Erica and a yak.

Vanquished Creatures
  Pikel (D:6)
  Sigmund (D:5)
  A water moccasin (D:6)
  An orc warrior (D:6)
  An ice beast (D:6)
  4 ogres
  2 centaurs
  3 lemures (D:5)
  2 kobold brigands
  2 necrophages
  A gnoll sergeant (D:6)
  3 scorpions
  3 howler monkeys (D:8)
  2 jellies (D:6)
  5 hounds
  3 orc priests
  Crazy Yiuf (D:6)
  Jessica (D:3)
  3 iguanas
  6 orc wizards
  Robin (D:4)
  9 gnolls (D:6)
  9 adders
  A white imp (D:7)
  A worm (D:4)
  A dart slug (D:4)
  28 orcs
  8 bats
  8 endoplasms
  4 giant cockroaches
  18 goblins
  10 hobgoblins
  8 jackals
  3 quokkas
  6 ball pythons
  A frilled lizard (D:3)
  10 kobolds
  6 rats
178 creatures vanquished.

Vanquished Creatures (collateral kills)
  5 orcs (D:6)
5 creatures vanquished.

Vanquished Creatures (others)
  14 fungi (D:4)
14 creatures vanquished.

Grand Total: 197 creatures vanquished

Notes
Turn   | Place    | Note
-------+----------+-------------------------------------------
     0 | D:1      | Colgate the Kobold Brigand began the quest for the Orb.
     0 | D:1      | Reached XP level 1. HP: 12/12 MP: 1/1
   232 | D:1      | Reached XP level 2. HP: 17/17 MP: 2/2
   326 | D:1      | Found a faded altar of an unknown god.
   350 | D:1      | Prayed at the altar of an unknown god.
   350 | D:1      | Became a worshipper of Xom of Chaos
   480 | D:1      | Reached XP level 3. HP: 21/21 MP: 3/3
  1116 | D:2      | Found a hazy altar of Hepliaklqana.
  1176 | D:2      | You fall into a shaft and drop 1 floor!
  1422 | D:2      | Reached XP level 4. HP: 26/26 MP: 4/4
  1526 | D:2      | XOM: god gift: 12 gold pieces
  1912 | D:3      | Got the Incunabulum of Lightness
  1983 | D:3      | Found Dosestrow's Weapon Boutique.
  2009 | D:3      | Noticed Jessica
  2019 | D:3      | Killed Jessica
  2020 | D:3      | Reached skill level 5 in Short Blades
  2057 | D:3      | XOM: noise
  2386 | D:3      | Reached XP level 5. HP: 30/30 MP: 5/5
  3505 | D:4      | Noticed Robin
  3714 | D:4      | XOM: swap monsters
  3716 | D:4      | Reached XP level 6. HP: 34/35 MP: 6/6
  3749 | D:4      | Killed Robin
  3943 | D:5      | Entered Level 5 of the Dungeon
  3953 | D:5      | Noticed an ogre
  3957 | D:5      | Killed an ogre
  3958 | D:5      | Reached skill level 3 in Fighting
  4005 | D:5      | Noticed Sigmund
  4009 | D:5      | Killed Sigmund
  4010 | D:5      | Reached XP level 7. HP: 42/42 MP: 7/7
  4015 | D:5      | Reached skill level 4 in Fighting
  4041 | D:5      | Reached skill level 5 in Fighting
  4042 | D:5      | XOM is BORED!
  4042 | D:5      | XOM: 3-stop teleportation journey
  4397 | D:5      | Reached skill level 6 in Fighting
  4397 | D:5      | Reached XP level 8. HP: 51/51 MP: 8/8
  4596 | D:5      | XOM: 2-stop teleportation journey
  4635 | D:5      | Reached skill level 7 in Fighting
  5081 | D:5      | XOM: cast spell 'Statue Form'
  5198 | D:6      | Found a staircase to the Ecumenical Temple.
  5209 | Temple   | Entered the Ecumenical Temple
  5611 | Temple   | XOM is BORED!
  5611 | Temple   | XOM: noise
  5829 | D:6      | Reached skill level 8 in Fighting
  6183 | D:6      | Noticed Pikel
  6183 | D:6      | XOM: 4-stop teleportation journey
  6184 | D:6      | XOM: enchant monster (good)
  6199 | D:6      | Killed Pikel
  6200 | D:6      | Reached skill level 10 in Fighting
  6200 | D:6      | Reached XP level 9. HP: 43/63 MP: 9/9
  6297 | D:6      | Found a runed translucent door.
  6320 | D:6      | XOM: summons 5 friendly demons
  6334 | D:6      | Reached skill level 5 in Dodging
  6339 | D:6      | XOM: scenery: 1 doors close
  6376 | D:6      | XOM: scenery: create altars
  6552 | D:6      | XOM: god gift: scimitar {god gift}
  6837 | D:6      | XOM: give mutation
  6837 | D:6      | Gained mutation: Your flesh is cold resistant. (rC+) [Xom's
                  | grace]
  6898 | D:6      | XOM: give mutations
  6898 | D:6      | Gained mutation: You are weak. (Str -2) [Xom's mischief]
  6898 | D:6      | Gained mutation: You are clumsy. (Dex -2) [Xom's mischief]
  6898 | D:6      | Gained mutation: You are frail. (-10% HP) [Xom's mischief]
  6898 | D:6      | Gained mutation: Your body sometimes deteriorates upon
                  | taking damage. [Xom's mischief]
  6935 | D:6      | XOM: god gift: 20 stones
  7146 | D:6      | Found a runed translucent door.
  7149 | D:6      | Noticed Crazy Yiuf
  7159 | D:6      | Killed Crazy Yiuf
  7568 | D:7      | XOM: enchant monster (good)
  8349 | D:7      | XOM: confusion (+ monsters)
  8380 | D:7      | Reached XP level 10. HP: 45/61 MP: 10/10
  8427 | D:7      | XOM: silly message
  8616 | D:7      | XOM is BORED!
  8616 | D:7      | XOM: summons 3 hostile demons
  8894 | D:8      | Reached skill level 5 in Evocations
  8956 | D:8      | Noticed Erica
  9162 | D:7      | XOM: cast spell 'Cause Fear'
  9174 | D:7      | XOM: divination: detect items
  9174 | D:7      | Xom revived you
  9176 | D:7      | HP: 3/61 [Erica/+0 scimitar of flaming (1)]
  9177 | D:7      | HP: 1/61 [yak (2)]
  9177 | D:7      | Slain by Erica

Illustrated notes

Levels and vault maps discovered:
D:1:      minmay_arrival_solitary_statue, layout_basic,
          hellmonk_ecumenical_altar_dog_temple
D:2:      layout_loops_ring, basic_altar, roderic_serpentine_path,
          minmay_pentomino_w4
D:3:      layout_basic, serial_shops, nicolae_shop_bloodbath_and_beyond,
          uniq_jessica
D:4:      layout_basic, serial_aquarium, aquarium_bridge_long_joined
          [aquarium_subvault_wall, aquarium_subvault_bridge,
          aquarium_subvault_balcony, aquarium_subvault_bridge,
          aquarium_subvault_window, aquarium_subvault_bridge],
          aquarium_bridge_straight [aquarium_subvault_bridge,
          aquarium_subvault_wall, aquarium_subvault_bridge,
          aquarium_subvault_window], aquarium_window_fake, aquarium_window_2,
          aquarium_view_2d, aquarium_view_2e, aquarium_balcony_3b, uniq_robin
D:5:      layout_gridville, uniq_sigmund
D:6:      layout_cave_pods, minmay_temple_entry_waves, lightli_church_of_beogh,
          uniq_crazy_yiuf_cottage, uniq_pikel
D:7:      layout_gridville
D:8:      layout_rooms, special_room [special_room_orc], uniq_erica
Temple:   mainiacjoe_temple_circle_huts

Skill      XL: |  1  2  3  4  5  6  7  8  9 10 |
---------------+-------------------------------+-----
Short Blades   | 3 4 5 6 |  6.1
Stealth        | 6 7 |  7.3
Fighting       | 3 6 10 | 10.5
Dodging        | 4 7 |  7.0
Evocations     | 4 5 |  5.6
Throwing       | |  2.1

Action                   |  1- 3 |  4- 6 |  7- 9 | 10-12 || total
-------------------------+-------+-------+-------+-------++-------
Melee: Dagger            |    61 |    87 |   247 |    70 ||   465
Throw: Dart              |       |       |     1 |       ||     1
 Stab: Sleeping          |    20 |    21 |    28 |     4 ||    73
       Distracted        |       |     1 |     1 |     1 ||     3
       Paralysed         |       |       |     1 |       ||     1
Armor: Robe              |     5 |     5 |    30 |     9 ||    49
       Skin              |       |       |     4 |       ||     4
Dodge: Dodged            |    25 |    46 |   180 |    66 ||   317
Block: Buckler           |     3 |    30 |    40 |    18 ||    91

Table legend: (Time is in decaauts)
 A = Elapsed time spent in this place.
 B = Non-inter-level travel time spent in this place.
 C = Inter-level travel time spent in this place.
 D = Time resting spent in this place.
 E = Time spent auto-exploring this place.
 F = Levels seen in this place.
 G = Mean time per level.
                   A        B        C        D        E       F      G
               +--------+--------+--------+--------+--------+-----+--------+
         Total |   9095 |   8541 |    554 |    434 |   6757 |   9 | 1010.6 |
       Dungeon |   8487 |   7949 |    538 |    434 |   6191 |   8 | 1060.9 |
        Temple |    607 |    591 |     16 |      0 |    566 |   1 |  607.0 |
               +--------+--------+--------+--------+--------+-----+--------+

Top non-repeatable levels by time:
     D:6: 1742 daAuts
     D:7: 1475 daAuts
     D:5: 1234 daAuts
     D:4: 1089 daAuts
     D:3: 1081 daAuts
     D:2: 1028 daAuts
     D:1: 748 daAuts
  Temple: 607 daAuts
     D:8: 87 daAuts
